 Dungeon Crawl Stone Soup version 0.31.0-11-ge490571c62 (webtiles) character file.

Game seed: 10032751079165767965

162 qw the Skirmisher (level 5, 0/29 HPs)
             Began as a Deep Elf Hunter on Feb 3, 2024.
             Slain by a scorpion (1 damage)
             ... on level 4 of the Dungeon.
             The game lasted 00:00:08 (2250 turns).

qw the Skirmisher (Deep Elf Hunter)                 Turns: 2250, Time: 00:00:08

Health: 0/29       AC:  4    Str: 10    XL:     5   Next: 19%
Magic:  7/7        EV: 17    Int: 14    God:
Gold:   159        SH:  0    Dex: 18    Spells: 4/4 levels left

rFire   + . .        a - +0 shortbow
rCold   + . .        (shield currently unavailable)
rNeg    . . .        c - +1 leather armour {rC+}
rPois   .            (no helmet)
rElec   .            (no cloak)
rCorr   .            (no gloves)
SInv    .            (no boots)
Will    .....        (no amulet)
Stlth   ++           b - +5 ring of evasion
HPRegen 0.24/turn    j - ring of protection from fire
MPRegen 0.10/turn

%: no passive effects
@: lethally poisoned (0 -> -3)
A: no striking features
a: no special abilities


You were on level 4 of the Dungeon.
You visited 1 branch of the dungeon, and saw 4 of its levels.

You collected 159 gold pieces.


   Skills:
 - Level 1.5 Fighting
 + Level 8.6 Ranged Weapons
 - Level 2.4 Dodging
 - Level 1.2 Stealth


You had 4 spell levels left.
You didn't know any spells.
Your spell library was empty.

Inventory:

Hand Weapons
 a - a +0 shortbow (weapon)
Armour
 c - a +1 leather armour of cold resistance (worn)
 d - a +0 ring mail
Jewellery
 b - a +5 ring of evasion (left hand)
 j - a ring of protection from fire (right hand)
Potions
 e - a potion of cancellation {unknown}
 g - a potion of enlightenment
 i - a potion of haste

Dungeon Overview and Level Annotations

Branches:
Dungeon (4/15)
 Temple: D:4-7

Altars:
Sif Muna
Uskayaw


Message History

The orc hits you with a +0 whip.
A jackal comes into view.
You shoot an arrow. The jackal barks!
The arrow hits the scorpion!
The scorpion is moderately wounded.
The orc misses you. The scorpion barely misses you.
You shoot an arrow.
The arrow hits the scorpion but does no damage.
The scorpion is moderately wounded.
The scorpion stings you!
You are poisoned.
The scorpion poisons you! The orc completely misses you.
The scorpion misses you.
You shoot an arrow. The arrow barely misses the scorpion.
You feel very sick. The orc completely misses you.
An iguana comes into view.
The scorpion stings you.
You shoot an arrow. The iguana hisses angrily.
The arrow hits the scorpion but does no damage.
The scorpion is moderately wounded.
You feel very sick. The orc hits you but does no damage.
The orc completely misses you. The scorpion barely misses you.
The orc hits you with a +0 hand axe. The orc misses you.
You shoot an arrow. The arrow hits the scorpion!
The scorpion is severely wounded.
You feel sick. The scorpion barely misses you. The orc barely misses you. x2
You shoot an arrow.
The arrow hits the scorpion but does no damage.
The scorpion is severely wounded.
You feel sick. The scorpion misses you. The orc closely misses you.
The orc hits you with a +0 hand axe.
You shoot an arrow.
The arrow hits the scorpion but does no damage.
The scorpion is severely wounded.
You feel sick. The scorpion stings you.
You die...

#...##.......
#+####...##.......
#........##.....#
#........##.....#
#...............#
#<..............#
#...............#
#...##...##.....#
#@####...##.....#
.....hsoo..#....#)....##
.....)ho...+....#<......
...........#....#.%.....
...........#....#.......
##...##...## #........
#... ##### #......##
.... #......# #.......


You could see a scorpion, 3 orcs and 2 jackals.

Vanquished Creatures
  A bombardier beetle (D:3)
  Jessica (D:2)
  An iguana (D:4)
  An adder (D:4)
  A dart slug (D:3)
  2 ribbon worms (D:2)
  3 orcs
  3 bats
  5 endoplasms
  3 giant cockroaches (D:1)
  9 goblins
  4 hobgoblins
  2 jackals (D:2)
  A quokka (D:1)
  5 ball pythons
  5 frilled lizards
  10 kobolds
  3 rats
60 creatures vanquished.

Notes
Turn   | Place    | Note
-------+----------+-------------------------------------------
     0 | D:1      | qw the Deep Elf Hunter began the quest for the Orb.
     0 | D:1      | Reached XP level 1. HP: 12/12 MP: 3/3
     0 | D:1      | 0 ||| qw: Version: 0.3-a-155-g5e7d8dd
     0 | D:1      | 0 ||| qw: Game counter: 3085
     0 | D:1      | 0 ||| qw: Melee chars always use a shield: true
     0 | D:1      | 0 ||| qw: God list: Okawaru
     0 | D:1      | 0 ||| qw: Allow faded altars: false
     0 | D:1      | 0 ||| qw: Do Orc after clearing Dungeon:15 true
     0 | D:1      | 0 ||| qw: Do second Lair branch before Depths: true
     0 | D:1      | 0 ||| qw: Lair rune preference: random
     0 | D:1      | 0 ||| qw: Goals: Normal
     0 | D:1      | 0 ||| PLANNING D:1-11
   178 | D:1      | Reached XP level 2. HP: 16/16 MP: 4/4
   180 | D:1      | Reached skill level 6 in Ranged Weapons
   788 | D:1      | 788 ||| UPGRADING to +0 ring mail.
   798 | D:1      | 798 ||| DROPPING +0 leather armour.
   799 | D:1      | 799 ||| DROPPING scroll of butterflies.
   836 | D:2      | Reached XP level 3. HP: 20/20 MP: 5/5
  1304 | D:2      | Reached skill level 7 in Ranged Weapons
  1334 | D:2      | Found a faded altar of an unknown god.
  1368 | D:2      | Noticed Jessica
  1371 | D:2      | Killed Jessica
  1372 | D:2      | Reached XP level 4. HP: 25/25 MP: 6/6
  1544 | D:2      | 1544 ||| UPGRADING to +1 leather armour of cold resistance.
  1554 | D:2      | 1554 ||| READING scroll labelled COTTEI EMMOHAAV.
  1554 | D:2      | 1554 ||| IDENTIFYING black potion
  1555 | D:2      | 1555 ||| READING scroll labelled BAGRIU CEAG AGE.
  1556 | D:2      | 1556 ||| READING scroll labelled WAABBU JAMU.
  1676 | D:3      | Found a hide-covered altar of Uskayaw.
  1774 | D:3      | Found a shimmering blue altar of Sif Muna.
  1967 | D:3      | 1967 ||| UPGRADING to +5 ring of evasion.
  1968 | D:3      | 1968 ||| UPGRADING to ring of protection from fire.
  1969 | D:3      | 1969 ||| READING 2 scrolls of identify.
  1969 | D:3      | 1969 ||| IDENTIFYING blue potion
  1970 | D:3      | 1970 ||| READING scroll of identify.
  1970 | D:3      | 1970 ||| IDENTIFYING bubbling golden potion
  1971 | D:3      | 1971 ||| READING scroll labelled QOKLIMPAQA.
  1972 | D:3      | 1972 ||| DROPPING potion of degeneration.
  1988 | D:4      | 1988 ||| STAIRDANCE
  1992 | D:3      | Reached skill level 8 in Ranged Weapons
  2003 | D:3      | HP: 6/25 [burnt (1)]
  2085 | D:4      | 2085 ||| STAIRDANCE
  2099 | D:4      | Reached XP level 5. HP: 9/29 MP: 7/7
  2101 | D:4      | 2101 ||| STAIRDANCE
  2247 | D:4      | HP: 6/29 [orc/+0 hand axe (3)]
  2249 | D:4      | HP: 2/29 [orc/+0 hand axe (2)]
  2250 | D:4      | Slain by a scorpion

Levels and vault maps discovered:
D:1:      dpeg_arrival_tiny_g, layout_basic, hangedman_decor_growths,
          minmay_misc_feat_cross
D:2:      layout_basic, dreamdust_ecumenical_altar_statues, minmay_surrounded,
          uniq_jessica
D:3:      layout_rooms, mainiacjoe_overflow_six_doors_small,
          nicolae_uskayaw_suspiria
D:4:      layout_gridville, cheibriados_altar_1, mainiacjoe_overflow_boulevard,
          chequers_decorated_corner, st_stairs_8

Skill      XL: |  1  2  3  4 |
---------------+-------------+-----
Ranged Weapons | 6 7 8 |  8.6
Fighting       | |  1.5
Dodging        | |  2.4
Stealth        | |  1.2

Action                     |  1- 3 |  4- 6 || total
---------------------------+-------+-------++-------
   Fire: Shortbow          |   109 |    61 ||   170
    Use: Scroll            |       |     6 ||     6
 Armour: Leather armour    |     4 |    16 ||    20
         Ring mail         |    18 |       ||    18
  Dodge: Dodged            |    29 |    32 ||    61

Table legend:
 A = Non-vault XP
 B = Vault XP
 C = Vault XP percentage of total XP
 D = Non-vault monster count
 E = Vault monster count
 F = Vault count percentage of total count
                 A         B        C        D         E       F
            +---------+---------+-------+---------+---------+-------
      Total |     188 |      44 |  19.0 |      55 |       5 |   8.3
            +---------+---------+-------+---------+---------+-------
        D:1 |      39 |       0 |   0.0 |      23 |       0 |   0.0
        D:2 |      30 |      44 |  59.5 |      15 |       5 |  25.0
        D:3 |      61 |       0 |   0.0 |      11 |       0 |   0.0
        D:4 |      58 |       0 |   0.0 |       6 |       0 |   0.0
            +---------+---------+-------+---------+---------+-------
